[Event "Titled Tuesday Blitz March 07 Early 2023"]
[White "Alahakoon, Isuru"]
[Black "De Souza, Cristiano Gomes"]
[WhiteFideId "9900993"]
[BlackFideId "2151758"]
[WhiteElo "1995"]
[BlackElo "2068"]
[Result "1-0"]
[Round "09"]
[TimeControl "180+2"]
[Date "2023.03.07"]
[WhiteClock "0:00:29"]
[BlackClock "0:00:33"]

1. Nf3 Nf6 2. d4 g6 3. Nc3 d6 4. e4 Bg7 5. Bf4 c6 6. Qd2 b5 7. Bd3 b4 8. Ne2 a5 9. Bh6 Bxh6 10. Qxh6 Ba6 11. O-O-O Qb6 12. e5 dxe5 13. dxe5 Nd5 14. Qg7 Rf8 15. e6 fxe6 16. Ned4 Rf6 17. Qg8+ Kd7 18. Ne5+ Kd6 19. Bxa6 Rxa6 20. Rhe1 Kc7 21. Nxe6+ Kb7 22. Nd8+ Kc7 23. Ndxc6 Nxc6 24. Nxc6 Qxc6 25. Rxd5 Ra7 26. Qd8+ Kb7 27. Rxe7+ 1-0


[Site "https://www.chess.com"]

[Event "Titled Tuesday Blitz March 07 Early 2023"]
[White "Fernandez Siles, Luis"]
[Black "Torres Dominguez, David"]
[WhiteFideId "2209420"]
[BlackFideId "2220857"]
[WhiteElo "2186"]
[BlackElo "1999"]
[Result "1/2-1/2"]
[Round "09"]
[TimeControl "180+2"]
[Date "2023.03.07"]
[WhiteClock "0:00:11"]
[BlackClock "0:00:01"]

1. d4 e5 2. dxe5 d6 3. Nf3 Bg4 4. Bg5 Qd7 5. Nbd2 Nc6 6. h3 Bh5 7. exd6 f6 8. Bf4 Bxd6 9. Bxd6 Qxd6 10. e3 O-O-O 11. Be2 f5 12. c3 f4 13. e4 Nf6 14. Qa4 Nd7 15. O-O-O Nc5 16. Qc2 Rhe8 17. Rhe1 Qf6 18. Nd4 Bxe2 19. Rxe2 Nxd4 20. cxd4 Qxd4 21. f3 Nd3+ 22. Kb1 Nb4 23. Qc3 Qxc3 24. bxc3 Nc6 25. Ree1 Ne5 26. Nb3 b6 27. Rd4 c5 28. Rd5 Rxd5 29. exd5 Kd7 30. Nd2 Nd3 31. Re4 Rxe4 32. Nxe4 Ne1 33. c4 Nxg2 34. Kc2 Ne1+ 35. Kd2 Nxf3+ 36. Ke2 Ne5 37. Ng5 h6 38. Ne6 g5 39. Ng7 Nxc4 40. Nf5 Ne5 41. Nxh6 Kd6 42. h4 gxh4 43. Nf5+ Kxd5 44. Nxh4 b5 45. Nf5 a5 46. Ne7+ Kc4 47. Nc6 Kc3 48. Nxe5 b4 49. Nf3 c4 50. Nd2 b3 51. axb3 cxb3 52. Nb1+ Kc2 53. Na3+ Kc1 54. Nc4 b2 55. Nd2 b1=Q 56. Nb3+ 1/2-1/2


[Site "https://www.chess.com"]

[Event "Titled Tuesday Blitz March 07 Early 2023"]
[White "Bongo Akanga Ndjila, Barthelemy"]
[Black "Mikhaylova, Irina"]
[WhiteFideId "10609431"]
[BlackFideId "4109040"]
[WhiteElo "1768"]
[BlackElo "1966"]
[Result "1/2-1/2"]
[Round "09"]
[TimeControl "180+2"]
[Date "2023.03.07"]
[WhiteClock "0:00:21"]
[BlackClock "0:00:19"]

1. d4 Nf6 2. c4 g6 3. Nc3 d5 4. cxd5 Nxd5 5. e4 Nxc3 6. bxc3 Bg7 7. Rb1 O-O 8. Nf3 c5 9. Be2 Nc6 10. Be3 cxd4 11. cxd4 Bg4 12. d5 Bxf3 13. Bxf3 Ne5 14. O-O b6 15. Be2 Rc8 16. Qd2 Nc4 17. Bxc4 Rxc4 18. Rfc1 Rxe4 19. Qd3 Ra4 20. a3 Qd6 21. Rb3 Rd8 22. Rc6 Qe5 23. g3 Qe4 24. Qxe4 Rxe4 25. Rc7 e6 26. dxe6 Rxe6 27. Rxa7 Bd4 28. Bg5 Bf6 29. Bf4 Be5 30. Be3 Bd4 31. Bh6 Bg7 32. Bxg7 Kxg7 33. Rb7 Rdd6 34. a4 Rf6 35. Rb2 Rc6 36. Kg2 Rcd6 37. Ra7 Rc6 38. a5 bxa5 39. Rxa5 Ra6 40. Rab5 Rad6 41. Rb7 Rde6 42. h3 h5 43. h4 Rd6 44. Rc2 Rde6 45. Ra7 Ra6 46. Rxa6 Rxa6 47. Rc7 Rf6 48. Rc5 Re6 49. Rb5 Rf6 50. Rc5 Re6 51. Rb5 Kf6 52. Rg5 Re5 53. Rxe5 Kxe5 54. Kf3 Kf5 55. Kg2 Ke4 56. Kf1 Kf3 57. Ke1 f6 58. Kf1 f5 59. Kg1 f4 60. gxf4 Kxf4 61. Kg2 Kg4 62. f3+ Kxh4 63. Kh2 Kg5 64. Kg3 h4+ 65. Kh3 Kh5 66. f4 g5 67. fxg5 Kxg5 68. Kh2 Kg4 69. Kh1 Kg3 70. Kg1 h3 71. Kh1 Kh4 72. Kg1 Kg3 73. Kh1 h2 1/2-1/2


[Site "https://www.chess.com"]

[Event "Titled Tuesday Blitz March 07 Early 2023"]
[White "Ciuffoletti, Paolo"]
[Black "Liu, Yi"]
[WhiteFideId "807630"]
[BlackFideId "3210588"]
[WhiteElo "2143"]
[BlackElo "2264"]
[Result "0-1"]
[Round "09"]
[TimeControl "180+2"]
[Date "2023.03.07"]
[WhiteClock "0:00:09"]
[BlackClock "0:00:29"]

1. e4 c5 2. d4 cxd4 3. c3 dxc3 4. Nxc3 Nc6 5. Nf3 e6 6. Bc4 Bb4 7. O-O Nge7 8. Be3 O-O 9. Rc1 Bxc3 10. Rxc3 d5 11. exd5 exd5 12. Be2 Be6 13. Qa4 Nf5 14. Rd1 Nxe3 15. Rxe3 Qb6 16. Rb3 Qa5 17. Qxa5 Nxa5 18. Rb5 b6 19. Nd4 Rac8 20. h3 Rc7 21. Bf3 Rd8 22. Nxe6 fxe6 23. Bg4 Rd6 24. Re1 Rcc6 25. Rb4 Nb7 26. Rf4 Nc5 27. b3 Nd3 0-1


[Site "https://www.chess.com"]

[Event "Titled Tuesday Blitz March 07 Early 2023"]
[White "Rios Escobar, Adan"]
[Black "Blokhin, Sofia"]
[WhiteFideId "3403645"]
[BlackFideId "4508190"]
[WhiteElo "2362"]
[BlackElo "1994"]
[Result "1-0"]
[Round "09"]
[TimeControl "180+2"]
[Date "2023.03.07"]
[WhiteClock "0:00:47"]
[BlackClock "0:00:19"]

1. d4 f5 2. g3 e6 3. Bg2 Nf6 4. Nf3 Be7 5. O-O O-O 6. c4 d5 7. b3 c6 8. Ba3 Ne4 9. Qc2 b6 10. Bxe7 Qxe7 11. Nc3 Bb7 12. e3 Nd7 13. Ne2 g5 14. h4 g4 15. Ne1 e5 16. cxd5 cxd5 17. Nd3 Rac8 18. Qb2 Ba6 19. Rfd1 exd4 20. Nxd4 Ndc5 21. Nf4 Qe5 22. Rac1 Rce8 23. Rc2 Nf6 24. Qa3 Bb7 25. Qxa7 Nfd7 26. Qa3 Ra8 27. Qb2 Ne4 28. Rdc1 Ndc5 29. b4 Na4 30. Qb3 b5 31. Rc7 Ba6 32. Nxd5 Kh8 33. Re7 Qd6 34. Rc6 Nd2 35. Rxd6 Nxb3 36. axb3 Nb2 37. Rdd7 Rfc8 38. Rxh7+ Kg8 39. Nf6+ Kf8 40. Ne6# 1-0


[Site "https://www.chess.com"]

[Event "Titled Tuesday Blitz March 07 Early 2023"]
[White "Thiel, Thomas"]
[Black "Valle Maytin, Luis Enrique"]
[WhiteFideId "4615964"]
[BlackFideId "3503666"]
[WhiteElo "2239"]
[BlackElo "2225"]
[Result "0-1"]
[Round "09"]
[TimeControl "180+2"]
[Date "2023.03.07"]
[WhiteClock "0:00:02"]
[BlackClock "0:00:05"]

1. e4 c6 2. d4 d5 3. exd5 cxd5 4. c4 Nf6 5. Nc3 g6 6. Qb3 Bg7 7. cxd5 O-O 8. Be2 a6 9. Bf3 Nbd7 10. Nge2 Rb8 11. Bf4 Ra8 12. O-O Re8 13. Rac1 Nf8 14. Be5 N6d7 15. Bxg7 Kxg7 16. Ne4 Nf6 17. Nxf6 Kxf6 18. Nc3 Kg7 19. Rfe1 Rb8 20. Na4 Qd6 21. Nb6 Bf5 22. a4 Nd7 23. Nxd7 Bxd7 24. a5 b6 25. axb6 Rxb6 26. Qa3 Qf6 27. Re5 Qf4 28. Rd1 e6 29. g3 Qf6 30. d6 Reb8 31. Rd2 Qd8 32. Re3 Bb5 33. d5 Rxd6 34. Qc3+ Kg8 35. Qe5 Rc8 36. Rd1 exd5 37. Rxd5 Rxd5 0-1


[Site "https://www.chess.com"]

[Event "Titled Tuesday Blitz March 07 Early 2023"]
[White "Mushini Ajay"]
[Black "Biriukov, Ilja"]
[WhiteFideId "35066188"]
[BlackFideId "4113373"]
[WhiteElo "2145"]
[BlackElo "2426"]
[Result "1-0"]
[Round "09"]
[TimeControl "180+2"]
[Date "2023.03.07"]
[WhiteClock "0:01:04"]
[BlackClock "0:00:29"]

1. e4 e6 2. d4 d5 3. Nc3 Bb4 4. e5 c5 5. a3 cxd4 6. axb4 dxc3 7. bxc3 Qc7 8. Nf3 Qxc3+ 9. Bd2 Qc7 10. Bd3 Nc6 11. Qe2 Nge7 12. b5 Nd8 13. O-O Ng6 14. h4 a6 15. bxa6 bxa6 16. Ba5 Qe7 17. h5 Nf4 18. Qe3 Nxd3 19. cxd3 O-O 20. Rfc1 Nb7 21. Rc7 Qe8 22. Bb4 Qd8 23. Rac1 Re8 24. h6 g6 25. Qf4 Rf8 26. Bxf8 Qxf8 27. Ng5 f5 28. exf6 Qd6 29. Rg7+ Kf8 30. Nxh7+ Ke8 31. f7+ 1-0


[Site "https://www.chess.com"]

[Event "Titled Tuesday Blitz March 07 Early 2023"]
[White "Hrabinska, Myroslava"]
[Black "Comas Fabrego, Lluis"]
[WhiteFideId "14109190"]
[BlackFideId "2200325"]
[WhiteElo "2039"]
[BlackElo "2523"]
[Result "1-0"]
[Round "09"]
[TimeControl "180+2"]
[Date "2023.03.07"]
[WhiteClock "0:00:19"]
[BlackClock "0:00:41"]

1. e4 c5 2. b4 cxb4 3. a3 e6 4. axb4 Bxb4 5. c3 Bf8 6. d4 d5 7. e5 Nc6 8. Bd3 a6 9. Ne2 h6 10. O-O Bd7 11. f4 Nge7 12. Ba3 g6 13. Qe1 h5 14. Nd2 Nf5 15. Bxf8 Kxf8 16. Bxf5 gxf5 17. Kh1 Ne7 18. Rf3 Ng6 19. Rh3 Bb5 20. Rf3 Bxe2 21. Qxe2 Rc8 22. Nb3 Nh4 23. Rg3 Ng6 24. Rf3 Nh4 25. Rf2 Rxc3 26. Nc5 Qc7 27. Qb2 Rg8 28. Qxc3 1-0


[Site "https://www.chess.com"]

[Event "Titled Tuesday Blitz March 07 Early 2023"]
[White "Hartikainen, Jarmo"]
[Black "Melikhov, Evgeny V."]
[WhiteFideId "503134"]
[BlackFideId "4122046"]
[WhiteElo "2202"]
[BlackElo "2158"]
[Result "0-1"]
[Round "09"]
[TimeControl "180+2"]
[Date "2023.03.07"]
[WhiteClock "0:00:02"]
[BlackClock "0:00:13"]

1. e4 c5 2. c3 d5 3. exd5 Qxd5 4. d4 Nf6 5. Nf3 Bg4 6. Be2 e6 7. Na3 Nc6 8. Be3 cxd4 9. Nb5 Qd8 10. Nbxd4 Nxd4 11. Nxd4 Bxe2 12. Qxe2 a6 13. O-O Be7 14. Rfd1 Qc7 15. a4 O-O 16. a5 Nd5 17. Nc2 Nxe3 18. Qxe3 Bc5 19. Qf3 b5 20. Nd4 Bxd4 21. Rxd4 Rad8 22. Qd1 e5 23. Rd5 Rxd5 24. Qxd5 Rd8 25. Qe4 Qxa5 26. Re1 Qc7 27. h3 f6 28. h4 Qd6 29. h5 Qd5 30. Qf5 h6 31. Qg6 Qf7 32. Qf5 Qd7 33. Qg6 a5 34. Re3 a4 35. Rg3 Kh8 36. Qe4 Qd1+ 37. Kh2 Qxh5+ 38. Rh3 Qf7 39. Qc6 Qd7 40. Qe4 Qd3 41. Qc6 Qd5 42. Qc7 Kh7 43. Rg3 Rd7 44. Qc8 Qd6 45. Qe8 Re7 46. Qg6+ Kg8 47. Qf5 Qe6 48. Qg6 Kh8 49. Qh5 e4 50. Rg6 Qe5+ 51. Qxe5 Rxe5 52. Rg3 f5 53. Re3 f4 54. Re1 e3 55. fxe3 fxe3 56. Kg3 g5 57. Kf3 Kg7 0-1


[Site "https://www.chess.com"]

[Event "Titled Tuesday Blitz March 07 Early 2023"]
[White "Burdalev, Kirill"]
[Black "Grabinsky, Vladimir"]
[WhiteFideId "14121913"]
[BlackFideId "14107074"]
[WhiteElo "2236"]
[BlackElo "2027"]
[Result "0-1"]
[Round "09"]
[TimeControl "180+2"]
[Date "2023.03.07"]
[WhiteClock "0:00:01"]
[BlackClock "0:00:55"]

1. Nf3 c5 2. e4 Nc6 3. d4 cxd4 4. Nxd4 e5 5. Nb5 d6 6. c4 Be7 7. g3 f5 8. N1c3 a6 9. Na3 f4 10. gxf4 exf4 11. Bxf4 Nf6 12. Be2 O-O 13. Qd2 Ng4 14. Rg1 Nge5 15. Bh6 Rf7 16. O-O-O Kh8 17. Be3 Be6 18. f4 b5 19. fxe5 b4 20. exd6 Bf6 21. Nab1 bxc3 22. Nxc3 Rb8 23. Kb1 Qa5 24. Rc1 Rfb7 25. b3 Rxb3+ 26. axb3 Rxb3+ 27. Kc2 Bxc3 28. Qd3 Nb4+ 0-1


[Site "https://www.chess.com"]

[Event "Titled Tuesday Blitz March 07 Early 2023"]
[White "Kuchava, Ana"]
[Black "Sovetbekova, Nurai"]
[WhiteFideId "13605348"]
[BlackFideId "13801910"]
[WhiteElo "2001"]
[BlackElo "1857"]
[Result "0-1"]
[Round "09"]
[TimeControl "180+2"]
[Date "2023.03.07"]
[WhiteClock "0:00:02"]
[BlackClock "0:00:18"]

1. d4 Nf6 2. Nf3 g6 3. c4 Bg7 4. Nc3 d5 5. Bg5 Ne4 6. Bf4 Nxc3 7. bxc3 O-O 8. e3 c5 9. cxd5 Qxd5 10. Be2 cxd4 11. cxd4 Qa5+ 12. Qd2 Qxd2+ 13. Kxd2 Nc6 14. Rhd1 b6 15. Rac1 Bb7 16. Ke1 Rac8 17. h4 Rfd8 18. Kf1 Nb4 19. a3 Nd5 20. Be5 Nc3 21. Re1 Nxe2 22. Kxe2 Ba6+ 23. Kd2 e6 24. Bxg7 Kxg7 25. Rxc8 Rxc8 26. Rc1 Rxc1 27. Kxc1 Bb7 28. Ne1 Kf6 29. Kb2 Ke7 30. Kc3 Kd6 31. g3 e5 32. Nd3 f6 33. dxe5+ fxe5 34. Nb4 a5 35. Nd3 Kd5 36. f3 Kd6 37. e4 Ba6 38. Ne1 Kc5 39. f4 exf4 40. gxf4 Bb7 41. e5 Kd5 42. Nf3 Ke4 43. Nd4 Kxf4 44. e6 Bc8 45. e7 Bd7 46. Ne6+ Kg4 47. Ng7 Kxh4 48. e8=Q Bxe8 49. Nxe8 g5 50. Kd4 g4 51. Nf6 g3 52. Ke3 Kh3 53. Kf3 g2 54. Kf2 Kh2 55. Ng4+ Kh1 0-1


[Site "https://www.chess.com"]

[Event "Titled Tuesday Blitz March 07 Early 2023"]
[White "Gamage, Wanshini Vidusama"]
[Black "Qashashvili, Alexandre"]
[WhiteFideId "9953752"]
[BlackFideId "13600842"]
[WhiteElo "2181"]
[BlackElo "2405"]
[Result "1-0"]
[Round "09"]
[TimeControl "180+2"]
[Date "2023.03.07"]
[WhiteClock "0:02:08"]
[BlackClock "0:01:59"]

1. e4 c6 2. d4 d5 3. e5 Bf5 4. h4 h5 5. Bd3 Bxd3 6. Qxd3 e6 7. Nf3 Be7 8. Bg5 Nh6 9. O-O Nf5 10. g3 Bxg5 11. Nxg5 Nd7 12. c4 Qe7 13. cxd5 cxd5 14. Rc1 f6 15. exf6 gxf6 16. Nxe6 Qxe6 17. Nc3 Nd6 18. Re1 Ne4 19. Nxe4 O-O 20. Ng5 Qxe1+ 21. Rxe1 fxg5 22. Qg6+ Kh8 23. Qxh5+ Kg7 24. Qxg5+ Kh8 25. Re7 1-0


[Site "https://www.chess.com"]

[Event "Titled Tuesday Blitz March 07 Early 2023"]
[White "Osuna Vega, Enrique"]
[Black "Wilson, Elvin"]
[WhiteFideId "2219549"]
[BlackFideId "2014874"]
[WhiteElo "2174"]
[BlackElo "2266"]
[Result "0-1"]
[Round "09"]
[TimeControl "180+2"]
[Date "2023.03.07"]
[WhiteClock "0:00:05"]
[BlackClock "0:00:38"]

1. e4 e6 2. d4 d5 3. Nc3 Bb4 4. Ne2 dxe4 5. a3 Bxc3+ 6. Nxc3 Nc6 7. Bb5 Ne7 8. Nxe4 O-O 9. Be3 f5 10. Bxc6 Nxc6 11. Ng5 f4 12. Qh5 h6 13. h4 fxe3 14. Qg6 exf2+ 15. Kf1 hxg5 16. hxg5 Rf5 17. Qh7+ Kf8 18. g6 Qxd4 19. Rh3 b6 20. Rd3 Ba6 21. Rd1 Rd8 0-1


[Site "https://www.chess.com"]

[Event "Titled Tuesday Blitz March 07 Early 2023"]
[White "Aanan, Shafiuddin"]
[Black "Prieto Aranguren, Alain"]
[WhiteFideId "3242633"]
[BlackFideId "2268906"]
[WhiteElo "1648"]
[BlackElo "2209"]
[Result "1-0"]
[Round "09"]
[TimeControl "180+2"]
[Date "2023.03.07"]
[WhiteClock "0:00:19"]
[BlackClock "0:01:19"]

1. e4 c6 2. d4 d5 3. e5 c5 4. dxc5 Nc6 5. Nf3 Bg4 6. Bb5 e6 7. Be3 Ne7 8. c3 Nf5 9. Bxc6+ bxc6 10. Bd4 Nxd4 11. Qxd4 Bxf3 12. gxf3 Qg5 13. Nd2 Be7 14. f4 Qf5 15. O-O O-O 16. Rfe1 Rab8 17. b4 f6 18. Re3 Kh8 19. Rae1 fxe5 20. Qxe5 Qxf4 21. Qxf4 Rxf4 22. Rxe6 Bh4 23. Re8+ Rf8 24. Rxb8 Rxb8 25. Nf3 Bf6 26. Nd4 Bxd4 27. cxd4 Kg8 28. a3 a5 29. bxa5 Rb3 30. Re6 Rxa3 31. Rxc6 Ra4 32. a6 Kf7 33. Rc7+ Ke6 34. a7 Kf5 35. Rxg7 Ke4 36. c6 Kxd4 37. Rg4+ 1-0


[Site "https://www.chess.com"]

[Event "Titled Tuesday Blitz March 07 Early 2023"]
[White "Zaichenko, Daria"]
[Black "Johnson, Ben"]
[WhiteFideId "4197453"]
[BlackFideId "2010917"]
[WhiteElo "2039"]
[BlackElo "2153"]
[Result "1/2-1/2"]
[Round "09"]
[TimeControl "180+2"]
[Date "2023.03.07"]
[WhiteClock "0:00:49"]
[BlackClock "0:00:08"]

1. e4 c5 2. Nf3 Nc6 3. d4 cxd4 4. Nxd4 g6 5. c4 Bg7 6. Be3 Nf6 7. Nc3 O-O 8. Bd3 Ng4 9. Qxg4 Nxd4 10. Bxd4 Bxd4 11. O-O Bxc3 12. bxc3 d6 13. Qh4 Be6 14. Rad1 Qa5 15. Qxe7 Qc5 16. Qxb7 Rab8 17. Qe7 Rb2 18. Rde1 Rd2 19. Re3 Bxc4 20. Bxc4 Qxc4 21. Qxa7 Rxa2 22. Qe7 Qc6 23. Rd3 Re8 24. Rxd6 Rxe7 25. Rxc6 Rxe4 26. g3 Rc2 27. Kg2 Kf8 28. Rc7 Re3 29. Rd1 Rexc3 30. Rxc3 Rxc3 31. Rd8+ Ke7 32. Rd4 h5 1/2-1/2


[Site "https://www.chess.com"]

[Event "Titled Tuesday Blitz March 07 Early 2023"]
[White "Kriti Mayur Patel"]
[Black "Chakravarthi Reddy, M"]
[WhiteFideId "35061780"]
[BlackFideId "25009532"]
[WhiteElo "1306"]
[BlackElo "2201"]
[Result "1-0"]
[Round "09"]
[TimeControl "180+2"]
[Date "2023.03.07"]
[WhiteClock "0:00:08"]
[BlackClock "0:00:10"]

1. e4 g6 2. d4 Bg7 3. Be3 d6 4. Nc3 a6 5. h3 b5 6. f4 Nd7 7. Nf3 Bb7 8. Bd3 c5 9. O-O c4 10. Be2 Ngf6 11. e5 Nh5 12. Qe1 dxe5 13. fxe5 f5 14. Ng5 Qb6 15. Bxh5 gxh5 16. Rxf5 Qg6 17. Qf2 Bh6 18. Rf1 O-O-O 19. d5 Rdf8 20. Nf7 Bxe3 21. Qxe3 Rhg8 22. e6 Nf6 23. Rg5 Qxc2 24. Qc5+ Kb8 25. Qxe7 Nxd5 26. Qd6+ Ka8 27. Nxd5 h6 28. Rg3 Qxb2 29. Nxh6 Qd4+ 30. Kh2 Bxd5 31. Rxf8+ Rxf8 32. Qxf8+ Kb7 33. e7 1-0


[Site "https://www.chess.com"]

[Event "Titled Tuesday Blitz March 07 Early 2023"]
[White "Martinez, Shawn"]
[Black "Pissama Ntsaou, Martial"]
[WhiteFideId "2039770"]
[BlackFideId "17400864"]
[WhiteElo "2174"]
[BlackElo "2067"]
[Result "1-0"]
[Round "09"]
[TimeControl "180+2"]
[Date "2023.03.07"]
[WhiteClock "0:00:54"]
[BlackClock "0:00:12"]

1. e4 c6 2. d4 d5 3. exd5 cxd5 4. Bd3 Nc6 5. c3 Nf6 6. h3 g6 7. Nf3 Bg7 8. O-O Bf5 9. Re1 O-O 10. Bxf5 gxf5 11. Bf4 Ne4 12. Nbd2 e6 13. Qb3 Qb6 14. Qxb6 axb6 15. Nb3 Na5 16. Nfd2 Nc4 17. Nxc4 dxc4 18. Nd2 Nxd2 19. Bxd2 b5 20. a3 Rfd8 21. Bf4 Rd5 22. f3 Kf8 23. g4 fxg4 24. hxg4 Ke7 25. Kf2 Bf6 26. Rh1 Rh8 27. Rh3 Bg5 28. Be5 f6 29. Bg3 e5 30. Re1 Kf7 31. Rh5 h6 32. dxe5 Rd2+ 33. Kf1 fxe5 34. Bxe5 Re8 35. f4 Bd8 36. Rxh6 Rxb2 37. Rh7+ Kg6 38. Rxb7 Bh4 39. Re2 Rb1+ 40. Kg2 Rd8 41. Bd4 Ra8 42. Re6+ Bf6 43. Rxf6# 1-0


[Site "https://www.chess.com"]

[Event "Titled Tuesday Blitz March 07 Early 2023"]
[White "Baruch, Liam"]
[Black "Tarnowska, Aleksandra"]
[WhiteFideId "14322064"]
[BlackFideId "1180967"]
[WhiteElo "2064"]
[BlackElo "1776"]
[Result "1-0"]
[Round "09"]
[TimeControl "180+2"]
[Date "2023.03.07"]
[WhiteClock "0:00:13"]
[BlackClock "0:00:01"]

1. e4 c5 2. Nf3 e6 3. d4 cxd4 4. Nxd4 a6 5. Nc3 Qc7 6. Be2 Nf6 7. O-O Be7 8. Be3 O-O 9. f4 d6 10. g4 b5 11. a3 Bb7 12. Bf3 Nc6 13. g5 Nd7 14. Nde2 Nb6 15. Bg2 Nc4 16. Qc1 N6a5 17. b3 Nxe3 18. Qxe3 Rac8 19. Kh1 Rfd8 20. f5 exf5 21. Rxf5 Nc6 22. Nd5 Qd7 23. Nb6 Qe6 24. Nf4 Qxf5 25. exf5 Rb8 26. Nfd5 Bf8 27. f6 Re8 28. Qg3 Ne5 29. fxg7 Bxg7 30. Nf6+ Kh8 31. Nxe8 Bxg2+ 32. Qxg2 Rxe8 33. Rf1 Rb8 34. Nd5 Rc8 35. Nf6 Rc3 36. Qa8+ 1-0


[Site "https://www.chess.com"]

[Event "Titled Tuesday Blitz March 07 Early 2023"]
[White "Michalski, Olaf"]
[Black "Filgueira, Hernan"]
[WhiteFideId "1106740"]
[BlackFideId "101770"]
[WhiteElo "2173"]
[BlackElo "2363"]
[Result "0-1"]
[Round "09"]
[TimeControl "180+2"]
[Date "2023.03.07"]
[WhiteClock "0:00:17"]
[BlackClock "0:01:54"]

1. d4 d6 2. Nf3 Bg4 3. Bf4 Nd7 4. Nbd2 g6 5. e3 e5 6. Bg3 Bg7 7. c3 Ne7 8. h3 Bh5 9. Qb3 O-O 10. Bh2 Bxf3 11. Nxf3 exd4 12. cxd4 c5 13. d5 Qa5+ 14. Nd2 Ne5 15. O-O-O b5 16. Qxb5 Qxa2 17. Qa6 Nd3+ 18. Bxd3 Qxb2# 0-1


[Site "https://www.chess.com"]

[Event "Titled Tuesday Blitz March 07 Early 2023"]
[White "Kukula, Pawel"]
[Black "Sabar, Ethmane Daouda"]
[WhiteFideId "1115081"]
[BlackFideId "19600097"]
[WhiteElo "2012"]
[BlackElo "1950"]
[Result "1-0"]
[Round "09"]
[TimeControl "180+2"]
[Date "2023.03.07"]
[WhiteClock "0:00:41"]
[BlackClock "0:00:02"]

1. e4 c5 2. Nf3 Nc6 3. Bc4 e6 4. d3 Nf6 5. O-O d6 6. a3 Be7 7. Ba2 O-O 8. h3 h6 9. Be3 Nh7 10. c3 Kh8 11. d4 cxd4 12. cxd4 d5 13. e5 Ng5 14. Nxg5 Bxg5 15. f4 Be7 16. Nc3 f5 17. exf6 Bxf6 18. Rc1 Bd7 19. Bb1 Be8 20. Qd3 g6 21. f5 exf5 22. Bxh6 Bg7 23. Bxg7+ Kxg7 24. Rce1 Qf6 25. Ne2 Bf7 26. Rd1 Rfe8 27. Nf4 Re4 28. Qg3 Kh7 29. Bxe4 dxe4 30. d5 Ne5 31. d6 Nc4 32. d7 Qb6+ 33. Kh2 Ne3 34. Qh4+ Kg7 35. d8=Q Rxd8 36. Rxd8 Nxf1+ 37. Kh1 Ng3+ 38. Qxg3 Qxd8 39. Nh5+ Kh6 40. Nf4 Qd1+ 41. Kh2 g5 42. h4 gxf4 43. Qg5+ Kh7 44. Qxf5+ Bg6 45. Qxf4 Qd3 46. Qc7+ Kh6 47. Qf4+ Kh7 48. Qc7+ Kg8 49. Qb8+ Kg7 50. Qxb7+ Bf7 51. Qc7 e3 52. Qe5+ Kg8 53. h5 e2 54. h6 Qg6 55. Qxe2 Qxh6+ 56. Kg1 Qf6 57. Qf2 Qxf2+ 58. Kxf2 Kf8 59. Ke3 Ke7 60. Kd4 Kd6 61. g4 Bg6 62. b4 Kc6 63. a4 a6 64. Ke5 Bc2 65. a5 Kb5 66. Kd4 Kxb4 67. g5 1-0


[Site "https://www.chess.com"]

[Event "Titled Tuesday Blitz March 07 Early 2023"]
[White "Awoki, Daniel Teidi"]
[Black "Kiseleva, Arina"]
[WhiteFideId "2100827"]
[BlackFideId "4164989"]
[WhiteElo "2087"]
[BlackElo "1756"]
[Result "0-1"]
[Round "09"]
[TimeControl "180+2"]
[Date "2023.03.07"]
[WhiteClock "0:00:17"]
[BlackClock "0:01:11"]

1. e4 c6 2. d4 d5 3. exd5 cxd5 4. c4 Nf6 5. Nc3 e6 6. Nf3 Bb4 7. cxd5 Nxd5 8. Bd2 O-O 9. Bd3 b6 10. O-O Bb7 11. Re1 Nd7 12. a3 Be7 13. Qe2 N7f6 14. Ne5 Nxc3 15. bxc3 Rc8 16. f3 Nd7 17. c4 Nxe5 18. Qxe5 Bf6 19. Qe2 Bxd4+ 20. Kh1 Bxa1 21. Rxa1 Qd4 22. Rd1 Qf6 23. Rc1 h6 24. Bc3 Qh4 25. Qe5 Qg5 26. Qe2 Qxc1+ 0-1


[Site "https://www.chess.com"]

[Event "Titled Tuesday Blitz March 07 Early 2023"]
[White "Jesusesmifuerza"]
[Black "Burke, John F"]
[BlackFideId "2052970"]
[WhiteElo "2041"]
[BlackElo "2215"]
[Result "1/2-1/2"]
[Round "09"]
[TimeControl "180+2"]
[Date "2023.03.07"]
[WhiteClock "0:00:09"]
[BlackClock "0:00:35"]

1. d4 Nf6 2. Bg5 e6 3. e4 Be7 4. e5 Nd5 5. Bxe7 Nxe7 6. f4 d6 7. Nf3 c5 8. c3 Nbc6 9. Bd3 Nd5 10. Qd2 cxd4 11. cxd4 dxe5 12. fxe5 h6 13. O-O O-O 14. Nc3 b6 15. Rac1 Bb7 16. Ne4 Rb8 17. Nd6 Ba8 18. a3 f6 19. Ne4 fxe5 20. dxe5 Nf4 21. Bb5 Qxd2 22. Nexd2 Rbc8 23. Ne4 Ne7 24. Nd6 Rxc1 25. Rxc1 a6 26. Bc4 Bd5 27. Bxa6 Neg6 28. Rc8 Bxf3 29. Rxf8+ Kxf8 30. gxf3 Nxe5 31. Kf2 Nfd3+ 32. Bxd3 Nxd3+ 33. Ke3 Nxb2 34. Nc8 Nc4+ 35. Kd4 Nxa3 36. Nxb6 Nc2+ 37. Ke5 Ke7 38. Na4 Ne1 39. f4 Nf3+ 40. Ke4 Nxh2 41. Nc5 Ng4 42. f5 exf5+ 43. Kxf5 h5 44. Kg5 Nf6 45. Nd3 Kf7 46. Nf4 Ne4+ 47. Kxh5 Kf6 48. Kg4 Ke5 49. Nh5 g6 50. Ng3 Nxg3 51. Kxg3 Kf5 52. Kf3 Kg5 53. Kg3 Kf5 54. Kf3 g5 55. Kg3 Kf6 56. Kg4 Kg6 57. Kg3 Kf5 58. Kf3 g4+ 59. Kg3 Kg5 60. Kg2 Kf4 61. Kf2 g3+ 62. Kg2 Kg4 63. Kg1 Kf3 64. Kf1 g2+ 65. Kg1 Kg3 1/2-1/2


[Site "https://www.chess.com"]

[Event "Titled Tuesday Blitz March 07 Early 2023"]
[White "rikchessmx"]
[Black "Necula, Iulian"]
[BlackFideId "1232380"]
[WhiteElo "2213"]
[BlackElo "1790"]
[Result "0-1"]
[Round "09"]
[TimeControl "180+2"]
[Date "2023.03.07"]
[WhiteClock "0:00:10"]
[BlackClock "0:00:41"]

1. e4 c5 2. Nf3 d6 3. d4 cxd4 4. Nxd4 Nf6 5. Nc3 g6 6. f4 Nc6 7. Nxc6 bxc6 8. Bd3 Bg7 9. O-O O-O 10. Qe1 Rb8 11. Kh1 Bb7 12. Qh4 Nd7 13. f5 Ne5 14. Bg5 f6 15. Be3 Nxd3 16. cxd3 d5 17. Bxa7 Rc8 18. Bc5 d4 19. Ne2 g5 20. Qh5 Ba6 21. Nxd4 Bxd3 22. Rfd1 Bxe4 23. Ne6 Qa5 24. Bxe7 Rf7 25. Bd8 Qxf5 26. Nxg7 Kxg7 27. Rf1 Qg6 28. Qxg6+ hxg6 29. Bb6 c5 30. Rac1 c4 31. Bd4 Bd3 32. Rf2 Rd8 33. Bc3 Re8 34. h3 Re6 35. a4 Kh6 36. a5 f5 37. Ra1 Ra6 38. Kh2 f4 39. Rd2 Kh5 40. b4 Rb7 41. Re1 g4 42. Re5+ g5 43. hxg4+ Kxg4 44. Rf2 Rh7+ 45. Kg1 Rah6 46. Rd2 Rh1+ 47. Kf2 Rf1# 0-1


[Site "https://www.chess.com"]

[Event "Titled Tuesday Blitz March 07 Early 2023"]
[White "Quirke, Jeffrey"]
[Black "Tharushi, T H D Niklesha"]
[WhiteFideId "2013029"]
[BlackFideId "9918264"]
[WhiteElo "2194"]
[BlackElo "1596"]
[Result "1-0"]
[Round "09"]
[TimeControl "180+2"]
[Date "2023.03.07"]
[WhiteClock "0:00:23"]
[BlackClock "0:00:02"]

1. e4 c5 2. Nc3 a6 3. a4 b6 4. f4 Bb7 5. Nf3 e6 6. d3 d5 7. g3 Nf6 8. e5 Ng8 9. Bg2 h5 10. O-O Nh6 11. Ne2 Be7 12. c3 O-O 13. d4 c4 14. h3 Nc6 15. Nh2 Nf5 16. g4 hxg4 17. hxg4 Nh4 18. Qe1 Nxg2 19. Kxg2 f6 20. Nf3 f5 21. g5 Kf7 22. Rh1 Ke8 23. Be3 Kd7 24. Rh7 Rg8 25. Qh4 Qf8 26. Rh1 Nd8 27. Qh5 Nf7 28. Nh4 Bc6 29. Ng6 Qe8 30. Nxe7 Qxe7 31. Qg6 Nd8 32. Ng3 Bxa4 33. Nh5 Qf7 34. Nf6+ Ke7 35. Nxg8+ Kf8 36. Qxf7+ Nxf7 37. Nf6 gxf6 38. exf6 1-0


[Site "https://www.chess.com"]